 Dungeon Crawl Stone Soup version 0.20-a0-556-g892c87b (webtiles) character file.

63 Alarkh the Cudgeler (level 3, -2/27 HPs)
             Began as a Mummy Skald on Feb 4, 2017.
             Slain by a gnoll
             ... wielding a +0 flail
              (8 damage)
             ... on level 1 of the Dungeon.
             The game lasted 00:01:30 (1385 turns).

Alarkh the Cudgeler (Mummy Skald)                   Turns: 1385, Time: 00:01:31

Health: -2/27      AC:  3    Str: 14    XL:     3   Next: 89%
Magic:  2/7        EV: 11    Int: 13    God:
Gold:   24         SH:  0    Dex: 11    Spells: 1/7 levels left

rFire    x . .     SeeInvis .   a - +0 mace
rCold    + . .     Gourm    .   b - +0 leather armour
rNeg     + + +     Faith    .   (no shield)
rPois    ∞         Spirit   .   (no helmet)
rElec    .         Reflect  .   (no cloak)
rCorr    .         Harm     .   (no gloves)
MR       .....                  (no boots)
Stlth    +.........             (no amulet)
Regen    0.1/turn               (no ring)
                                (no ring)

@: no status effects
A: no food or potions, fire vulnerability, cold resistance 1, negative energy
resistance 3, torment resistance, unbreathing
a: no special abilities


You were on level 1 of the Dungeon.
You were not hungry.

You visited 1 branch of the dungeon, and saw 2 of its levels.

You collected 24 gold pieces.

Inventory:

Hand Weapons
 a - a +0 mace (weapon)
Armour
 b - a +0 leather armour (worn)
Jewellery
 h - an uncursed ring of fire
Scrolls
 d - a scroll of magic mapping {unknown}
 e - a scroll of recharging {unknown}
 f - a scroll of fog {unknown}
 g - a scroll of enchant armour {unknown}
 i - a scroll of identify {unknown}
 j - a scroll of teleportation {unknown}
Books
 c - a book of Battle

   Spells                             Type                      Level
   a - Infusion                       Charms                       1
   b - Shroud of Golubria             Charms/Translocation         2
   c - Song of Slaying                Charms                       2
   d - Spectral Weapon                Hexes/Charms                 3
   e - Regeneration                   Charms/Necromancy            3


   Skills:
 - Level 2.0 Fighting
 + Level 3.5 Maces & Flails
 - Level 0.7 Armour
 - Level 1.5 Dodging
 - Level 2.6 Spellcasting
 - Level 2.4 Charms


You had one spell level left.
You knew the following spells:

 Your Spells              Type           Power        Failure   Level  Hunger
a - Infusion              Chrm           #...         12%         1    N/A
b - Shroud of Golubria    Chrm/Tloc      #.........   34%         2    N/A
c - Spectral Weapon       Hex/Chrm       #.......     67%         3    N/A

Dungeon Overview and Level Annotations

Branches:
Dungeon (2/15)

Altars:


Innate Abilities, Weirdness & Mutations

You do not eat or drink.
Your flesh is vulnerable to fire.
You are immune to poison.
Your flesh is cold resistant. (rC+)
You are immune to negative energy. (rN+++)
You are immune to unholy pain and torment.
You can survive without breathing.


Message History

The gnoll hits you with a flail!
Your shroud falls apart!
You barely miss the gnoll.
The gnoll is moderately wounded.
Your magical infusion is running out.
The gnoll closely misses you.
You barely miss the gnoll.
The gnoll is moderately wounded.
The gnoll closely misses you.
You are no longer magically infusing your attacks.
You see here a club.
There is a stone staircase leading up here.
The gnoll hits you with a flail!
* * * LOW HITPOINT WARNING * * *
You climb upwards.
There is a stone staircase leading down here.
You can't drink.
Okay, then.
The gnoll hits you with a flail!
You die...

###....#####..#.#######.#
###.#..#####.#.......##.####
##..##.......#.>.....##...!# ##
#........)####.......#####.#####.
#..#...##............# ###.......
..##.####..##........###...######
#.##.# ##.>.#.###.##.....#.# #.
#.#..# #..#...###g...#####.#####.
....## #.##.....@.#### #.##....
..######.##.###.#....# #..#.###
.## ##......###.##...# ##.#.#
.####..###..)##.....#######.#.###
..#...###....##..#.....#.........
..#%####..##.....#..##...........
....####.#####...#..#..........>.
##.......####.......#.##.........
c###..........#.#.....########.##


You could see a gnoll.

Vanquished Creatures
  A gnoll (D:2)
  2 adders (D:2)
  2 oozes (D:1)
  A worm (D:2)
  A leopard gecko (D:1)
  7 bats
  3 goblins
  2 hobgoblins (D:1)
  A kobold (D:1)
  A ball python (D:2)
  2 frilled lizards
  2 rats
25 creatures vanquished.

Notes
Turn   | Place    | Note
-------+----------+-------------------------------------------
     0 | D:1      | Alarkh the Mummy Skald began the quest for the Orb.
     0 | D:1      | Reached XP level 1. HP: 16/16 MP: 4/4
     2 | D:1      | Noticed an octopode
     2 | D:1      | Noticed a minotaur
     6 | D:1      | Noticed a demonspawn
     6 | D:1      | Noticed a ghoul
     8 | D:1      | Noticed a spriggan
     8 | D:1      | Noticed a naga
    10 | D:1      | Noticed a formicid
    12 | D:1      | Noticed a felid
    12 | D:1      | Noticed a troll
    14 | D:1      | Noticed a halfling
    14 | D:1      | Noticed a draconian
    16 | D:1      | Noticed a tengu
    16 | D:1      | Noticed a dwarf
    18 | D:1      | Noticed a vampire
    18 | D:1      | Noticed a demigod
    21 | D:1      | Noticed an ogre
    21 | D:1      | Noticed a gargoyle
    23 | D:1      | Noticed a human
    25 | D:1      | Noticed a vine stalker
    25 | D:1      | Noticed a merfolk
    27 | D:1      | Noticed a centaur
    27 | D:1      | Noticed an elf
   263 | D:1      | Reached skill level 2 in Maces & Flails
   490 | D:1      | Reached XP level 2. HP: 21/22 MP: 2/5
   992 | D:2      | Reached skill level 3 in Maces & Flails
   992 | D:2      | Reached XP level 3. HP: 9/27 MP: 1/7
  1261 | D:1      | Learned a level 2 spell: Shroud of Golubria
  1265 | D:1      | Learned a level 3 spell: Spectral Weapon
  1385 | D:1      | Slain by a gnoll

Vault maps used:
D:1:      kb_arrival_jail, roderic_roman_lattice, kennysheep_another_room

Skill      XL: |  1  2 |
---------------+-------+-----
Maces & Flails | 2 3 |  3.5
Fighting       | |  2.0
Armour         | |  0.7
Dodging        | |  1.5
Spellcasting   | |  2.6
Charms         | |  2.4

Action                   || total
-------------------------++-------
Melee: Mace              ||    86
 Cast: Infusion          ||    16
       Shroud of Golubri ||     2
Armor: Leather armour    ||    30
Dodge: Dodged            ||    85
